Map: Acropolis LE

Players

RobbyG

  • Race: Terran Terran
  • League: Master
  • Spawn Location: 11:00

Kelazhur - Winner!

  • Race: Terran Terran
  • League: Master
  • Spawn Location: 5:00

Event: NationWars 2019

VOD

Have the link to the VOD?

Description

Time

  • Played on: Sept. 30, 2019, 1:28 p.m.
  • Length: 9:03
Show
View Real Time Build Order
Export as new Build Order

RobbyG Terran 

Build Orders: Reaper Expand 

Get SALT Encoding   

  12  0:00  SCV  
  13  0:13  SCV  
  14  0:17  Supply Depot  
  14  0:25  SCV  
  15  0:39  SCV  
  15  0:41  Barracks  
  16  0:47  Refinery  
  16  0:51  SCV  
  17  1:03  SCV  
  18  1:15  SCV  
  19  1:28  Orbital Command  
  19  1:29  Reaper  
  20  1:39  Command Center  
  20  1:54  SCV  
  20  1:59  Supply Depot  
  20  2:00  Bunker  
  21  2:02  Barracks Reactor  
  21  2:07  SCV  
  22  2:15  Barracks  
  22  2:19  SCV  
  23  2:32  SCV  
  23  2:36  Factory  
  23  2:37  Refinery  
  24  2:39  Marine x2  
  26  2:44  SCV  
  27  2:53  Orbital Command  
  27  2:57  Marine x2  
  29  3:01  SCV  
  29  3:02  Barracks Tech Lab  
  30  3:13  SCV  
  30  3:15  Marine x2  
  30  3:18  SCV  
  34  3:22  Stimpack  
  34  3:23  Marine  
  35  3:28  SCV  
  35  3:30  SCV  
  35  3:33  Marine x2  
  39  3:38  Factory Reactor  
  39  3:40  Starport  
  38  3:43  SCV  
  38  3:44  SCV  
  38  3:45  Marine  
  38  3:46  Supply Depot  
  41  3:50  Marine x2  
  41  3:55  SCV, Supply Depot  
  43  3:56  SCV  
  45  4:03  Marine  
  45  4:08  SCV x2, Marine  
  49  4:20  SCV x2, Supply Depot, Marine  
  49  4:21  Marine  
  49  4:22  Medivac x2  
  49  4:24  Factory Tech Lab  
  57  4:32  Engineering Bay  
  49  4:48  SCV x2  
  51  4:54  Marine x3  
  51  4:55  Siege Tank  
  57  5:00  SCV  
  57  5:06  SCV  
  56  5:12  Marine  
  56  5:13  Refinery  
  57  5:15  SCV  
  57  5:16  Combat Shield  
  57  5:18  SCV  
  59  5:22  Marine x2  
  59  5:27  SCV  
  62  5:28  Barracks  
  59  5:45  SCV x2  
  59  5:49  Marine x2  
  62  5:57  SCV x2  
  62  5:58  Missile Turret x2, Marine  
  62  6:00  Siege Tank  
  68  6:07  Marine  
  68  6:09  SCV x2  
  69  6:14  Marine  
  69  6:17  Marine  
  62  6:20  Supply Depot  
  62  6:22  SCV  
  62  6:24  Supply Depot  
  63  6:30  SCV  
  63  6:32  Siege Tank  
  66  6:35  Barracks Reactor  
  66  6:36  Marine  
  66  6:37  Marine x2  
  69  6:42  SCV, Command Center  
  69  6:44  SCV  
  69  6:50  Supply Depot  
  69  6:51  Supply Depot  
  69  6:54  SCV, Marine  
  69  6:55  Marine  
  69  6:56  Marine  
  69  6:57  SCV  
  74  7:04  Siege Tank  
  74  7:06  SCV  
  77  7:10  SCV, Medivac  
  77  7:11  Medivac  
  77  7:12  Marine  
  77  7:13  Marine  
  77  7:14  Marine x2  
  86  7:16  Supply Depot  
  86  7:21  SCV  
  86  7:22  Marine  
  87  7:23  Refinery  
  87  7:26  SCV  
  89  7:30  Marine  
  89  7:31  Marine x2  
  92  7:40  Medivac  
  94  7:46  SCV  
  94  7:47  Supply Depot  
  95  7:53  SCV  
  94  7:58  Marine x2  
  94  8:03  Marine x2  
  98  8:08  SCV, Marine  
  100  8:14  Barracks  
  100  8:15  Barracks  
  100  8:16  Marine  
  100  8:17  SCV  
  102  8:28  Marine x3  
  82  8:37  Marine x2  
Show
View Real Time Build Order
Export as new Build Order

Kelazhur Terran - Winner!

Build Orders: Gas First Reaper Expand, Hellion Banshee 

Get SALT Encoding   

  12  0:01  SCV  
  13  0:13  SCV  
  14  0:17  Supply Depot  
  14  0:25  SCV  
  15  0:29  Refinery  
  15  0:39  SCV  
  16  0:44  Barracks  
  16  0:51  SCV  
  17  1:03  SCV  
  18  1:15  SCV  
  19  1:31  Orbital Command, Reaper  
  20  1:44  Command Center  
  20  1:55  Factory  
  20  1:58  SCV  
  21  2:06  Barracks Reactor  
  21  2:11  Supply Depot  
  21  2:13  SCV  
  22  2:24  Refinery  
  22  2:25  SCV  
  23  2:37  SCV  
  24  2:44  Starport  
  24  2:47  Hellion x2  
  24  2:49  SCV  
  29  2:56  Orbital Command  
  29  2:59  Barracks Tech Lab  
  29  3:02  SCV  
  30  3:12  Hellion x2  
  34  3:14  SCV  
  35  3:22  SCV  
  35  3:26  Medivac  
  38  3:29  Cloaking Field  
  38  3:30  SCV  
  39  3:38  SCV, Hellion x2  
  44  3:45  SCV  
  44  3:46  Barracks Tech Lab  
  44  3:47  Supply Depot  
  45  3:50  Supply Depot  
  45  3:51  SCV  
  46  4:08  Banshee, SCV x2  
  51  4:12  Supply Depot  
  51  4:13  Marine x2  
  51  4:16  Siege Tank  
  56  4:20  SCV  
  56  4:21  SCV  
  56  4:22  Supply Depot  
  58  4:30  Marine  
  58  4:31  Marine  
  60  4:32  SCV  
  60  4:35  SCV  
  57  4:48  Siege Tank, Marine x2  
  62  4:55  Command Center  
  62  4:56  Banshee  
  63  5:05  SCV  
  63  5:06  Marine x2  
  59  5:07  SCV  
  59  5:14  Refinery  
  59  5:15  Refinery  
  59  5:17  Barracks x2, SCV  
  60  5:21  SCV  
  60  5:23  Siege Tank  
  60  5:24  Marine x2  
  66  5:29  SCV  
  66  5:33  SCV  
  68  5:41  SCV  
  68  5:42  Marine  
  70  5:45  SCV  
  71  5:53  SCV  
  71  5:54  Engineering Bay, Starport Reactor  
  71  5:55  Marine  
  71  5:56  Siege Tank  
  76  5:58  SCV  
  76  6:00  Marine  
  78  6:06  SCV  
  78  6:10  SCV  
  78  6:13  Barracks Tech Lab  
  78  6:15  Marine  
  78  6:17  Marine  
  80  6:19  SCV, Orbital Command  
  80  6:21  Terran Infantry Weapons Level 1  
  80  6:22  Marine  
  80  6:23  Engineering Bay  
  81  6:26  Stimpack  
  81  6:28  Barracks x2, Siege Tank  
  84  6:33  Marine x2  
  84  6:34  Combat Shield  
  84  6:36  SCV x2  
  88  6:40  Marine x2  
  88  6:43  Supply Depot  
  90  6:47  Orbital Command, Supply Depot  
  90  6:50  SCV  
  90  6:51  Terran Infantry Armor Level 1, Marine x2  
  93  6:57  Sensor Tower  
  93  7:02  Supply Depot  
  93  7:04  Marine x2  
  93  7:05  SCV x2  
  93  7:06  Refinery  
  97  7:09  Marine  
  97  7:13  SCV  
  99  7:17  SCV  
  99  7:20  SCV  
  99  7:21  Medivac x2  
  105  7:25  Armory  
  105  7:26  SCV  
  105  7:27  Supply Depot  
  105  7:28  Supply Depot  
  105  7:29  SCV  
  107  7:30  Marine x2  
  107  7:32  Barracks Reactor x2, Refinery  
  107  7:33  SCV  
  110  7:41  Siege Tank  
  110  7:42  Marine x2  
  110  7:43  SCV  
  115  7:45  SCV  
  115  7:46  SCV  
  117  7:53  Supply Depot, Medivac  
  117  7:55  SCV  
  117  7:57  SCV  
  121  8:02  SCV, Marine  
  122  8:08  Medivac  
  122  8:10  Marine x7  
  131  8:20  Supply Depot, Marine  
  131  8:23  Supply Depot  
  132  8:28  Marine x6, Sensor Tower  
  136  8:34  Marine  
  136  8:38  Marine  
Tags
 
Add a new tag
Caveats
  • Supply blocks, unpowered buildings, or Contaminate may cause inaccurate times.
  • Supply counts are checked every 10 seconds.